 Dungeon Crawl Stone Soup version 0.20.1-1-g8b1a95d (webtiles) character file.

987 TheGuigne the Cleaver (level 7, -1/57 HPs)
             Began as a Minotaur Fighter on Aug 13, 2017.
             Was a Believer of Makhleb.
             Slain by a hippogriff (4 damage)
             ... on level 5 of the Dungeon.
             The game lasted 00:08:58 (4545 turns).

TheGuigne the Cleaver (Minotaur Fighter)            Turns: 4545, Time: 00:08:59

Health: -1/57      AC:  5    Str: 18    XL:     7   Next: 97%
Magic:  6/6        EV: 12    Int:  7    God:    Makhleb [**....]
Gold:   229        SH:  0    Dex: 15    Spells: 6/6 levels left

rFire    . . .     SeeInvis .   a - +1 war axe
rCold    . . .     Gourm    .   c - +0 shield
rNeg     . . .     Faith    .   b - +0 scale mail
rPois    .         Spirit   .   (helmet restricted)
rElec    .         Reflect  .   (no cloak)
rCorr    .         Harm     .   q - +0 pair of gloves
MR       .....                  (no boots)
Stlth    ..........             (no amulet)
Regen    0.2/turn               (no ring)
MPRegen  0.1/turn               (no ring)

@: confused, agile, lethally poisoned (-1 -> -3)
A: retaliatory headbutt, horns 2, deformed body, high mp 1, weak 1, evolution 1
a: Minor Destruction, Renounce Religion


You were on level 5 of the Dungeon.
You worshipped Makhleb.
Makhleb was pleased with you.
You were not hungry.

You visited 1 branch of the dungeon, and saw 5 of its levels.
You also visited: Sewer.

You collected 229 gold pieces.

Inventory:

Hand Weapons
 a - a +1 war axe (weapon)
 k - a +0 whip
 l - a +2 whip of freezing
Missiles
 w - 5 javelins of penetration (quivered)
Armour
 b - a +0 scale mail (worn)
 c - a +0 shield (worn)
 q - a +0 pair of gloves (worn)
Jewellery
 u - an uncursed ring of resist corrosion {unknown}
Wands
 t - a wand of random effects (33/48)
 y - a wand of iceblast (8/15)
Scrolls
 h - 3 scrolls of teleportation
 m - a scroll of enchant weapon
 s - a scroll of identify {unknown}
 B - a scroll of amnesia {unknown}
Potions
 d - a potion of might
 e - a potion of magic {unknown}
 g - a potion of haste {unknown}
 i - 2 potions of agility
 j - 2 potions of brilliance {unknown}
 p - a potion of degeneration {unknown}
 x - a potion of ambrosia
 z - a potion of lignification {unknown}
 A - 3 potions of curing {unknown}
 D - a potion of flight {unknown}
Books
 o - a book of Misfortune

   Spells                             Type                      Level
   a - Confusing Touch                Hexes                        1
   b - Confuse                        Hexes                        3
   c - Gell's Gravitas                Translocation                3
   d - Petrify                        Transmutation/Earth          4
   e - Metabolic Englaciation         Hexes/Ice                    5
   f - Yara's Violent Unravelling     Hexes/Transmutation          5
Comestibles
 f - 4 bread rations
 n - 3 meat rations
 r - 7 chunks of flesh
 v - 2 royal jellies
 C - a fruit


   Skills:
 - Level 3.6 Fighting
 + Level 11.1 Axes
 - Level 3.6 Armour
 - Level 3.6 Shields


You had 6 spell levels left.
You didn't know any spells.

Dungeon Overview and Level Annotations

Branches:
Dungeon (5/15)
 Temple: D:4-7

Altars:
Makhleb
Vehumet
The Shining One


Innate Abilities, Weirdness & Mutations

You reflexively headbutt those who attack you in melee.
You have a pair of horns on your head.
Armour fits poorly on your strangely shaped body.
You have an increased reservoir of magic. (+10% MP)
You are weak. (Str -2)
You evolve.


Message History

You hit the hippogriff.
The hippogriff is severely wounded.
The hippogriff bites you.
* * * LOW HITPOINT WARNING * * *
The hippogriff pecks you.
* * * LOW HITPOINT WARNING * * *
The hippogriff claws you but does no damage.
It was a potion of agility.
You feel agile all of a sudden.
You feel sick.
The hippogriff bites you but does no damage.
The hippogriff pecks you but does no damage.
The hippogriff claws you.
* * * LOW HITPOINT WARNING * * *
It was a potion of ambrosia.
You are confused.
You feel invigorated. The hippogriff bites you.
* * * LOW HITPOINT WARNING * * *
The hippogriff closely misses you. The hippogriff claws you.
You die...

##..## #...
#...###.....
#...#.......
##...........
#............ .
#............ ..
###............
...######..............
.......H@..............
....>..................
.................>.....
....#.................
... #................
.##.......
##...........(..
.........
##..####...... ........
#..# ##### ........
##..


You could see a hippogriff.

Vanquished Creatures
  Purgy (Sewer)
  2 sky beasts
  An ogre (D:5)
  A crimson imp (D:5)
  A bullfrog zombie (D:5)
  A hound (D:4)
  An iguana (D:4)
  Ijyb (D:4)
  Terence (D:2)
  Natasha (thrice) (D:2)
  3 worker ants
  3 gnolls (D:5)
  12 adders
  2 river rats (D:3)
  4 oozes
  4 worms
  A dart slug (D:2)
  4 leopard geckos
  7 orcs
  8 giant cockroaches
  5 goblins
  4 hobgoblins
  10 jackals (D:3)
  10 kobolds
  3 quokkas
  3 ball pythons
  11 bats
  4 frilled lizards
  12 rats
123 creatures vanquished.

Notes
Turn   | Place    | Note
-------+----------+-------------------------------------------
     0 | D:1      | TheGuigne the Minotaur Fighter began the quest for the Orb.
     0 | D:1      | Reached XP level 1. HP: 19/19 MP: 0/0
    62 | D:1      | Reached skill level 3 in Axes
   125 | D:1      | Reached XP level 2. HP: 26/26 MP: 1/1
   266 | D:1      | Reached skill level 4 in Axes
   537 | D:2      | Reached XP level 3. HP: 29/31 MP: 2/2
   582 | D:2      | Noticed Natasha
   588 | D:2      | Killed Natasha
   588 | D:2      | Reached skill level 5 in Axes
   605 | D:2      | Noticed Terence
   641 | D:2      | Killed Terence
   641 | D:2      | Reached XP level 4. HP: 13/39 MP: 3/3
   800 | D:2      | Noticed Natasha
   813 | D:2      | Killed Natasha
  1065 | D:2      | Found a radiant altar of Vehumet.
  1079 | D:2      | Noticed Natasha
  1088 | D:2      | Killed Natasha
  1088 | D:2      | Reached skill level 6 in Axes
  1088 | D:2      | Reached XP level 5. HP: 27/45 MP: 4/4
  1534 | D:2      | Found a burning altar of Makhleb.
  1555 | D:2      | Became a worshipper of Makhleb the Destroyer
  1725 | D:3      | Noticed a sky beast
  1737 | D:3      | Killed a sky beast
  1737 | D:3      | Reached skill level 7 in Axes
  1737 | D:3      | Reached XP level 6. HP: 10/51 MP: 5/5
  1740 | D:3      | Gained mutation: You are weak. (Str -2) [mutagenic meat]
  1741 | D:3      | Gained mutation: You have an increased reservoir of magic. (+10% MP) [mutagenic meat]
  1742 | D:3      | Gained mutation: You evolve. [mutagenic meat]
  1989 | D:3      | Reached skill level 8 in Axes
  2005 | D:3      | Reached * piety under Makhleb
  2057 | D:3      | Found a glowing drain.
  2102 | Sewer    | Entered a sewer
  2216 | Sewer    | Noticed Purgy
  2233 | Sewer    | Killed Purgy
  2606 | D:3      | Reached skill level 9 in Axes
  2955 | D:3      | Found a glowing golden altar of the Shining One.
  3209 | D:4      | Reached XP level 7. HP: 57/57 MP: 6/6
  3283 | D:4      | Noticed Ijyb
  3293 | D:4      | Killed Ijyb
  3689 | D:4      | Reached ** piety under Makhleb
  4011 | D:4      | Gained mutation: Armour fits poorly on your strangely shaped body. [evolution]
  4014 | D:5      | Entered Level 5 of the Dungeon
  4065 | D:5      | Reached skill level 10 in Axes
  4415 | D:5      | Reached skill level 11 in Axes
  4534 | D:5      | Noticed a hippogriff
  4545 | D:5      | Slain by a hippogriff

Skill      XL: |  1  2  3  4  5  6  7 |
---------------+----------------------+-----
Axes           | 3 4 5 6 7 9 11 | 11.1
Fighting       | |  3.6
Armour         | |  3.6
Shields        | |  3.6

Action                   |  1- 3 |  4- 6 |  7- 9 || total
-------------------------+-------+-------+-------++-------
Melee: War axe           |    70 |   189 |    98 ||   357
       Headbutt          |     9 |    26 |    18 ||    53
  Use: Scroll            |       |     6 |       ||     6
       Potion            |       |       |     2 ||     2
  Eat: Chunk             |       |    11 |     4 ||    15
Armor: Scale mail        |    32 |    97 |    27 ||   156
Dodge: Dodged            |    16 |    67 |    31 ||   114
Block: Shield            |    27 |    92 |    37 ||   156
